 Dungeon Crawl Stone Soup version 0.18.1-50-g88ac8fd (webtiles) character file.

159 wolfsongas the Skirmisher (level 5, 0/55 HPs)
             Began as an Ogre Fighter on May 2, 2017.
             Killed by divine providence
             ... invoked by an orc priest
              (10 damage)
             ... on level 3 of the Dungeon.
             The game lasted 00:09:21 (2155 turns).

wolfsongas the Skirmisher (Ogre Fighter)            Turns: 2155, Time: 00:09:24

Health: 0/55       AC:  4    Str: 22    XL:     5   Next: 40%
Magic:  5/5        EV:  7    Int:  7    God:
Gold:   37         SH: 14    Dex:  9    Spells: 0 memorised, 4 levels left

rFire  . . .     SeeInvis .     a - +2 flail
rCold  . . .     Gourm    .     b - +0 robe
rNeg   . . .     Faith    .     p - +0 large shield
rPois  .         Spirit   .     (helmet restricted)
rElec  .         Dismiss  .     q - +0 cloak
rCorr  .         Reflect  .     (gloves unavailable)
SustAt .         Harm     .     (boots unavailable)
MR     .....                    (no amulet)
Stlth  +.........               (no ring)
                                m - ring of flight

@: lethally poisoned (0 -> -6), exhausted, about to teleport, slowed, very slow,
not resistant to hostile enchantments, very unstealthy
A: unfitting armour, tough skin 1
a: Evoke Flight


You were on level 3 of the Dungeon.
You were hungry.

You visited 1 branch of the dungeon, and saw 3 of its levels.

You collected 37 gold pieces.

Inventory:

Hand Weapons
 a - a +2 flail (weapon)
 d - a +4 quarterstaff of chaos
 u - a +0 spear
Armour
 b - a +0 robe (worn)
 c - a +0 shield
 p - a +0 large shield (worn)
 q - a +0 cloak (worn)
 r - a +0 pair of boots
Jewellery
 m - a ring of flight (left hand)
Wands
 e - a wand of flame (31/48)
Scrolls
 f - 2 scrolls of identify
 l - a scroll of remove curse
Potions
 i - a potion of curing {unknown}
 j - a potion of heal wounds {unknown}
 k - a potion of cancellation {unknown}
 n - a potion of degeneration {unknown}
Comestibles
 g - a bread ration
 o - 2 meat rations


   Skills:
 + Level 4.7 Fighting
 + Level 3.6 Maces & Flails
 + Level 4.0 Dodging
 + Level 3.7 Shields


You had 4 spell levels left.
You didn't know any spells.

Dungeon Overview and Level Annotations

Branches:
Dungeon (3/15)

Altars:
Ashenzari
Fedhas
Gozag
Kikubaaqudgha
Nemelex Xobeh
Okawaru
Trog
Vehumet


Innate Abilities, Weirdness & Mutations

You are too large for most types of armour.
You have tough skin (AC +1).


Message History

A magic dart appears from out of thin air!
The magic dart hits you!
* * * LOW HITPOINT WARNING * * *
You block the orc's attack.
The orc priest hits you with a dagger of venom.
* * * LOW HITPOINT WARNING * * *
You are poisoned.
Something hits you.
* * * LOW HITPOINT WARNING * * *
Drink which item? (? for menu, Esc to quit)
Okay, then.
Read which item? (? for menu, Esc to quit)
As you read the scroll of teleportation, it crumbles to dust.
You feel strangely unstable.
You feel sick. You block the orc's attack. You block the orc priest's attack.
Something hits you.
* * * LOW HITPOINT WARNING * * *
The orc hits you but does no damage.
The orc priest calls down the wrath of Beogh upon you.
Beogh smites you!
You die...

...... #.....#
...... ## .....
.. #.#.##.
#.##..[b. #
......oo#### #..
.....S{@...#...#
.....S#......#
...>. #.<...##
.... #....%..#
... ####....# ..
...... . ......
...... .....


You could see an orc priest, an adder, an orc, a bat and a ball python.

Vanquished Creatures
  Crazy Yiuf (D:2)
  Jessica (D:2)
  4 gnolls (D:2)
  2 adders (D:2)
  An ooze (D:1)
  A worm (D:2)
  A dart slug (D:1)
  An orc (D:3)
  A giant cockroach (D:2)
  9 goblins
  3 hobgoblins (D:1)
  A quokka (D:2)
  3 bats
  4 giant newts
  3 kobolds
  8 rats
  A fungus (D:2)
45 creatures vanquished.

Notes
Turn   | Place    | Note
--------------------------------------------------------------
     0 | D:1      | wolfsongas the Ogre Fighter began the quest for the Orb.
     0 | D:1      | Reached XP level 1. HP: 24/24 MP: 1/1
   146 | D:1      | Reached XP level 2. HP: 22/32 MP: 2/2
   469 | D:1      | Reached XP level 3. HP: 24/39 MP: 3/3
   630 | D:2      | Found an opulent altar of Gozag.
   637 | D:2      | Found an ancient bone altar of Kikubaaqudgha.
   639 | D:2      | Found a sparkling altar of Nemelex Xobeh.
   640 | D:2      | Found an iron altar of Okawaru.
   640 | D:2      | Found a shattered altar of Ashenzari.
   640 | D:2      | Found a radiant altar of Vehumet.
   640 | D:2      | Found a bloodstained altar of Trog.
   760 | D:2      | Noticed Jessica
   765 | D:2      | Killed Jessica
   807 | D:2      | Reached XP level 4. HP: 45/49 MP: 4/4
  1155 | D:2      | Found a blossoming altar of Fedhas.
  1235 | D:2      | Noticed Crazy Yiuf
  1245 | D:2      | Killed Crazy Yiuf
  1372 | D:2      | Reached XP level 5. HP: 55/55 MP: 5/5
  2155 | D:3      | Killed from afar by an orc priest

Skill      XL: |  1  2  3  4  5 |
---------------+----------------+-----
Shields        | 3 |  3.7
Dodging        | 3 4 |  4.0
Maces & Flails | 3 |  3.6
Fighting       | |  4.7

Action                   |  1- 3 |  4- 6 || total
-------------------------+-------+-------++-------
Melee: Flail             |    84 |    73 ||   157
 Abil: Evoke Flight      |     2 |       ||     2
  Use: Scroll            |     5 |     2 ||     7
       Potion            |     1 |     2 ||     3
  Eat: Bread ration      |     1 |       ||     1
       Chunk             |       |     1 ||     1
Armor: Robe              |    26 |    17 ||    43
Dodge: Dodged            |    39 |    21 ||    60
Block: Shield            |    46 |       ||    46
       Large shield      |     4 |    71 ||    75
